 Dungeon Crawl Stone Soup version 0.28-a0-2-g643f2454ad (webtiles) character file.

Game seed: 7231746456800922254

73 nelgraf2 the Ruffian (level 4, -3/36 HPs)
             Began as a Draconian Transmuter on July 22, 2021.
             Was a Follower of Makhleb.
             Slain by a gnoll (5 damage)
             ... on level 4 of the Dungeon.
             The game lasted 00:10:52 (3584 turns).

nelgraf2 the Ruffian (Draconian Transmuter)         Turns: 3584, Time: 00:10:52

Health: -3/36      AC:  5    Str: 13    XL:     4   Next: 8%
Magic:  7/7        EV: 12    Int: 13    God:    Makhleb [*.....]
Gold:   20         SH:  0    Dex: 12    Spells: 7/8 levels left

rFire   + . .      SeeInvis .     - Unarmed
rCold   . . .      Faith    .   (no shield)
rNeg    . . .      Spirit   .   (armour unavailable)
rPois   .          Reflect  .   (helmet restricted)
rElec   .          Harm     .   (no cloak)
rCorr   .          Rampage  .   (no gloves)
Will    .....                   (no boots)
Stlth   +.........              (no amulet)
HPRegen 0.12/turn               d - ring of protection from fire
MPRegen 0.10/turn               (no ring)

@: no status effects
A: AC +5, unfitting armour, cold-blooded
a: Renounce Religion


You were on level 4 of the Dungeon.
You worshipped Makhleb.
Makhleb was aware of your devotion.
You visited 1 branch of the dungeon, and saw 4 of its levels.

You collected 62 gold pieces.
You spent 42 gold pieces at shops.

Inventory:

Missiles
 g - 3 throwing nets (quivered)
 m - 13 poisoned darts
Jewellery
 d - a ring of protection from fire (left hand)
 l - an amulet of guardian spirit
Scrolls
 a - 2 scrolls of identify {unknown}
 c - 2 scrolls of magic mapping {unknown}
 e - 2 scrolls of teleportation {unknown}
 i - a scroll of enchant armour {unknown}
 j - a scroll of silence {unknown}
 k - a scroll of enchant weapon {unknown}
Potions
 b - a potion of magic {unknown}
 h - a potion of attraction {unknown}


   Skills:
 * Level 2.0 Fighting
 + Level 2.1 Dodging
 + Level 3.9 Unarmed Combat
 + Level 2.5 Spellcasting
 + Level 2.4 Transmutations


You had 7 spell levels left.
You knew the following spells:

 Your Spells              Type           Power      Damage    Failure   Level
a - Beastly Appendage     Tmut           14%        N/A       9%          1

Your spell library contained the following spells:

 Spells                   Type           Power      Damage    Failure   Level
 Wereblood                Tmut           7%         N/A       14%         2
 Passwall                 Tmut/Erth      3%         N/A       22%         2
 Animate Skeleton         Necr           2%         N/A       24%         1
 Pain                     Necr           4%         1d4       24%         1
 Spider Form              Tmut/Pois      2%         N/A       41%         3
 Swiftness                Air            1%         N/A       58%         3
 Vampiric Draining        Necr           0%         2d6       58%         3
 Ice Form                 Ice/Tmut       4%         N/A       82%         4
 Invisibility             Hex            0%         N/A       100%        6


Dungeon Overview and Level Annotations

Branches:
Dungeon (4/15)
 Temple: D:4-7

Altars:
Ashenzari
Makhleb

Shops:
D:4 !


Innate Abilities, Weirdness & Mutations

Your plain brown scales are hard. (AC +5)
You cannot fit into any form of body armour.
You are cold-blooded and may be slowed by cold attacks.


Message History

* * * LOW HITPOINT WARNING * * *
Attack: -) Nothing wielded
Press: ? - help, Dir - move target, f - gnoll
Aim: a gnoll, wielding a +0 spear (about 37% to evade your hands)
Your weapon can't reach that far!
Okay, then.
Attack: -) Nothing wielded
Press: ? - help, Dir - move target, f - gnoll
Aim: a gnoll, wielding a +0 club (severely wounded, about 37% to evade your hands)
Your weapon can't reach that far!
Okay, then.
Attack: -) Nothing wielded
Press: ? - help, Dir - move target, f - gnoll
Aim: a gnoll, wielding a +0 club (severely wounded, about 37% to evade your hands)
You hit the gnoll. Your kick misses the gnoll.
You tail-slap the gnoll, but do no damage.
The gnoll is severely wounded.
The gnoll closely misses you.
The gnoll hits you from afar with a +0 spear.
* * * LOW HITPOINT WARNING * * *
Your horns disappear.
Your talons disappear.
What are your orders? t - Shout!
Orders for allies: a - Attack new target. p - Attack previous target. r - Retreat! s - Stop attacking. g - Guard the area. f - Follow me.
Anything else - Cancel.
Okay, then.
Okay, then.
Unknown command.
Okay, then.
Okay, then.
Okay, then.
The gnoll hits you with a +0 club.
* * * LOW HITPOINT WARNING * * *
As you read the scroll labelled VIFOLI SIVIJEO, it crumbles to dust.
The creatures around you are filled with an inner flame!
It was a scroll of immolation.
The gnoll barely misses you.
The gnoll hits you from afar with a +0 spear.
You die...

#....# #...####.#
#)##.#####...#....##
#.#...).............
#.#.≈≈≈≈≈≈≈≈≈≈≈.#.##
#.#.≈...............
#####.#.≈.≈≈≈≈≈≈≈≈≈..###
....#...≈.≈.......≈..#
...###.≈.≈.≈≈≈≈≈.≈..# ...
#@≈.≈.≈...≈.≈..# #g#
#g≈.≈.≈∩≈.≈.≈..# . #.#
#g≈.≈.≈≈≈.≈.≈.##
....##.####g≈.≈.....≈.≈.#
.....'..(g...≈.≈≈≈≈≈≈≈.≈.#
.....######..≈.........≈.#
.... #..≈≈≈≈≈≈≈≈≈≈≈.# ...
##.............# ..
###############


You could see 3 gnolls.

Vanquished Creatures
  An adder (D:2)
  A worm (D:3)
  A dart slug (D:4)
  3 orcs (D:3)
  3 endoplasms (D:2)
  3 giant cockroaches
  7 goblins
  2 hobgoblins
  5 jackals (D:2)
  4 ball pythons
  5 bats
  6 frilled lizards
  5 kobolds
  5 rats
51 creatures vanquished.

Notes
Turn   | Place    | Note
-------+----------+-------------------------------------------
     0 | D:1      | nelgraf2 the Draconian Transmuter began the quest for the
                  | Orb.
     0 | D:1      | Reached XP level 1. HP: 16/16 MP: 3/3
   104 | D:1      | Found a faded altar of an unknown god.
   584 | D:1      | Reached XP level 2. HP: 23/23 MP: 3/5
   980 | D:2      | Found a burning altar of Makhleb.
   988 | D:2      | Became a worshipper of Makhleb the Destroyer
  1265 | D:2      | Reached XP level 3. HP: 17/28 MP: 4/6
  3300 | D:4      | Found a broken altar of Ashenzari.
  3305 | D:4      | Reached * piety under Makhleb
  3336 | D:4      | Reached XP level 4. HP: 36/36 MP: 5/7
  3388 | D:4      | Found Dypruil's Distillery.
  3459 | D:4      | Bought a potion of curing for 42 gold pieces
  3573 | D:4      | HP: 1/36 [gnoll (5)]
  3584 | D:4      | Slain by a gnoll

Illustrated notes

Levels and vault maps discovered:
D:1:      minmay_arrival_four_houses, layout_loops_cross,
          shapermc_ecumenical_altar_gd, st_stairs_13
D:2:      layout_basic, basic_altar, minmay_split_cup_small
D:3:      layout_basic
D:4:      layout_basic, ashenzari_conservatory_becter, nemelex_altar_shiori,
          minmay_temple_entry_mini_moons, nicolae_inconvenience_store

Skill      XL: |  1  2  3 |
---------------+----------+-----
Dodging        | 2 |  2.1
Fighting       | 2 |  2.0
Unarmed Combat | |  3.9
Spellcasting   | |  2.5
Transmutations | |  2.4

Action                   |  1- 3 |  4- 6 || total
-------------------------+-------+-------++-------
Melee: Unarmed           |   121 |    12 ||   133
       Kick              |    17 |     1 ||    18
       Headbutt          |     9 |       ||     9
       Tailslap          |     8 |     2 ||    10
       Punch             |     4 |       ||     4
 Cast: Beastly Appendage |    35 |     3 ||    38
  Use: Scroll            |       |     1 ||     1
       Potion            |       |     1 ||     1
 Stab: Sleeping          |     1 |       ||     1
Armor: Skin              |    47 |     2 ||    49
Dodge: Dodged            |    72 |    16 ||    88

Table legend: (Time is in decaauts)
 A = Elapsed time spent in this place.
 B = Non-inter-level travel time spent in this place.
 C = Inter-level travel time spent in this place.
 D = Time resting spent in this place.
 E = Time spent auto-exploring this place.
 F = Levels seen in this place.
 G = Mean time per level.
                   A        B        C        D        E       F      G
               +--------+--------+--------+--------+--------+-----+--------+
         Total |   3573 |   3473 |    100 |      0 |   3001 |   4 |  893.2 |
       Dungeon |   3573 |   3473 |    100 |      0 |   3001 |   4 |  893.2 |
               +--------+--------+--------+--------+--------+-----+--------+

Top non-repeatable levels by time:
     D:2: 1257 daAuts
     D:3: 1075 daAuts
     D:1: 871 daAuts
     D:4: 369 daAuts
